 Dungeon Crawl Stone Soup version 0.29.1-13-g9f3cf754e1 (webtiles) character file.

Game seed: 16804227034726678128

321840 Saba the Merry Gargoyle (level 21, -1/146 HPs)
             Began as a Gargoyle Hunter on Feb 8, 2023.
             Was the Champion of Okawaru.
             Slain by a hell knight
             ... wielding a +3 demon blade of pain
              (2 damage)
             ... on level 3 of the Depths.
             The game lasted 02:20:42 (42828 turns).

Saba the Merry Gargoyle (Gargoyle Hunter)          Turns: 42828, Time: 02:20:43

Health: -1/146     AC: 30    Str: 15    XL:     21   Next: 53%
Magic:  21/21      EV: 21    Int: 16    God:    Okawaru [******]
Gold:   872        SH:  0    Dex: 25    Spells: 20/20 levels left

rFire   + + .      SeeInvis +   Z - +1 triple crossbow (flame)
rCold   + . .      Faith    .   (shield currently unavailable)
rNeg    + . .      Spirit   .   G - +1 robe of Vines {NoPotionHeal Regen++++}
rPois   ∞          Reflect  .   t - +1 helmet
rElec   +          Harm     .   L - scarf {repulsion}
rCorr   .          Rampage  .   E - +1 pair of gloves "Daif" {rC+ Int+3}
Will    +....                   N - +3 pair of mountain boots {steadfast, rC+}
Stlth   +++.......              W - amulet of regeneration
HPRegen 4.34/turn               s - ring of see invisible
MPRegen 0.17/turn               r - ring "Elurufook" {rF++ rC- Dex+2 Slay+4 Stlth+}

@: about to teleport, flying, repel missiles
A: sickness immunity, AC +16, big wings, negative energy resistance 1,
electricity resistance, torment resistance 1, petrification resistance,
iridescent scales 1, agile 1, deformed body
}: 2/15 runes: decaying, serpentine
a: Renounce Religion, Heroism, Finesse, Duel


You were on level 3 of the Depths.
You worshipped Okawaru.
Okawaru was exalted by your worship.
You visited 8 branches of the dungeon, and saw 37 of its levels.
You visited the Abyss 1 time.
You also visited: Ossuary and Bailey.

You collected 5583 gold pieces.
You spent 4711 gold pieces at shops.

Inventory:

Hand Weapons
 e - the +6 sling of Amie {venom, Drain rF+++ rC+ Stlth+}
   (You found it on level 3 of the Elven Halls)

   Any ammunition fired from it poisons the flesh of those it strikes.
   rF:        It renders you almost immune to fire.
   rC:        It protects you from cold.
   Drain:     It drains your maximum health when unequipped.
   Stlth:     It makes you more stealthy.
 C - a +0 hand crossbow of freezing
 K - the +10 zealot's sword {holy, *Rage rN+ EV+3}
   (You found it on level 3 of the Elven Halls)

   It has been blessed by the Shining One to cause great damage to the undead
   and demons.
   Whenever the wielder enters a berserk rage, their allies are berserked
   alongside them.
   EV:        It affects your evasion (+3).
   rN:        It protects you from negative energy.
   *Rage:     It berserks you when you make melee attacks (+20% chance).
 Z - a +1 triple crossbow of flaming (weapon)
Armour
 i - the +10 scale mail of Nafaj {Rampage Drain rPois rN+}
   (Okawaru gifted it to you on level 4 of the Snake Pit)

   rPois:     It protects you from poison.
   rN:        It protects you from negative energy.
   Drain:     It drains your maximum health when unequipped.
   Rampage:   It bestows one free step when moving towards enemies.
 n - the +18 shield of the Gong {rElec rN+ Will+ EV-5}
   (You found it on level 3 of the Elven Halls)

   It is deafeningly noisy when blocking attacks.
   EV:        It affects your evasion (-5).
   rElec:     It insulates you from electricity.
   rN:        It protects you from negative energy.
   Will:      It increases your willpower.
 q - a +2 tower shield of cold resistance
 t - a +1 helmet (worn)
 E - the +1 pair of gloves "Daif" (worn) {rC+ Int+3}
   (You found it on level 6 of the Dungeon)

   Int:       It affects your intelligence (+3).
   rC:        It protects you from cold.
 G - the +1 robe of Vines (worn) {NoPotionHeal Regen++++}
   (You bought it in a shop on level 2 of the Orcish Mines)

   Its wearer cannot be healed by potions.
   Regen:     It increases your rate of health regeneration.
 L - a scarf of repulsion (worn)
 N - the +3 pair of mountain boots (worn) {steadfast, rC+}
   (You bought it in a shop on level 7 of the Dungeon)

   It prevents involuntary movement, except for blinking, teleportation, or
   banishment.
   rC:        It protects you from cold.
Jewellery
 c - the necklace of Bloodlust {*Rage Will++ Int-3 Slay+6}
   (You found it on level 13 of the Dungeon)

   [amulet of nothing]

   It extends the wearer's berserk rage when killing foes.
   Int:       It affects your intelligence (-3).
   Slay:      It affects your accuracy & damage with ranged weapons and melee
   (+6).
   *Rage:     It berserks you when you make melee attacks (+50% chance).
   Will:      It greatly increases your willpower.
 k - the ring of Nubueruf {rPois rN+ Will- AC+4 Int+2}
   (You found it on level 3 of the Elven Halls)

   [ring of protection]

   AC:        It affects your AC (+4).
   Int:       It affects your intelligence (+2).
   rPois:     It protects you from poison.
   rN:        It protects you from negative energy.
   Will:      It decreases your willpower.
 r - the ring "Elurufook" (right hand) {rF++ rC- Dex+2 Slay+4 Stlth+}
   (You found it on level 9 of the Dungeon)

   [ring of slaying]

   Dex:       It affects your dexterity (+2).
   Slay:      It affects your accuracy & damage with ranged weapons and melee
   (+4).
   rF:        It greatly protects you from fire.
   rC:        It makes you vulnerable to cold.
   Stlth:     It makes you more stealthy.
 s - a ring of see invisible (left hand)
 H - a ring of positive energy
 J - the ring of the Invisible Hand {rElec rF- Will- AC+4 Str+8}
   (You took it off a deep elf sorcerer on level 3 of the Elven Halls)

   [ring of protection]

   AC:        It affects your AC (+4).
   Str:       It affects your strength (+8).
   rF:        It makes you vulnerable to fire.
   rElec:     It insulates you from electricity.
   Will:      It decreases your willpower.
 R - the amulet of Dyol {Spirit -Cast rElec Str+9 Int-2}
   (You took it off a deep elf master archer on level 3 of the Elven Halls)

   [amulet of guardian spirit]

   It causes incoming damage to be divided between your reserves of health and
   magic.
   Str:       It affects your strength (+9).
   Int:       It affects your intelligence (-2).
   rElec:     It insulates you from electricity.
   -Cast:     It prevents spellcasting.
 W - an amulet of regeneration (around neck)
 Y - the ring of Morality {rPois rN+ Str+6 Dex+4}
   (You bought it in a shop on level 2 of the Depths)

   [ring of strength]

   Str:       It affects your strength (+6).
   Dex:       It affects your dexterity (+4).
   rPois:     It protects you from poison.
   rN:        It protects you from negative energy.
Wands
 j - a wand of digging (24)
 S - a wand of iceblast (21)
 V - a wand of light (22)
Scrolls
 b - 6 scrolls of immolation
 f - 36 scrolls of identify
 l - 14 scrolls of vulnerability
 m - 5 scrolls of teleportation
 o - a scroll of silence
 p - 8 scrolls of enchant armour
 x - 11 scrolls of enchant weapon
 y - 3 scrolls of summoning
 z - 7 scrolls of fear
 B - 4 scrolls of brand weapon
 F - 6 scrolls of magic mapping
 O - 2 scrolls of blinking
 U - 3 scrolls of butterflies
 X - a scroll of torment
Potions
 a - 2 potions of resistance
 d - 2 potions of invisibility
 g - a potion of cancellation
 u - a potion of experience
 v - 8 potions of brilliance
 w - 4 potions of might
 A - 2 potions of haste
 D - 12 potions of curing
 I - a potion of berserk rage
 Q - 6 potions of heal wounds
 T - 3 potions of ambrosia
Miscellaneous
 h - a phantom mirror
 M - a phial of floods
 P - a phantom mirror


   Skills:
 - Level 20.0 Fighting
 + Level 10.6 Long Blades
 O Level 27 Ranged Weapons
 - Level 11.0 Armour
 - Level 10.6 Dodging
 - Level 1.1 Stealth
 - Level 11.0 Shields


You had 20 spell levels left.
You didn't know any spells.
Your spell library contained the following spells:

 Spells                   Type           Power      Damage    Failure   Level
 Apportation              Tloc           0%         N/A       26%         1
 Beastly Appendage        Tmut           0%         N/A       26%         1
 Necrotise                Necr           0%         1d4       26%         1
 Slow                     Hex            0%         N/A       26%         1
 Sting                    Tmut/Pois      0%         1d3       26%         1
 Blink                    Tloc           0%         N/A       36%         2
 Poisonous Vapours        Pois/Air       0%         N/A       36%         2
 Wereblood                Tmut           0%         N/A       36%         2
 Confusing Touch          Hex            0%         N/A       58%         3
 Gell's Gravitas          Tloc           0%         N/A       58%         3
 Ignite Poison            Fire/Tmut/Pois 0%         N/A       58%         3
 Lesser Beckoning         Tloc           0%         N/A       58%         3
 Mephitic Cloud           Conj/Pois/Air  0%         N/A       58%         3
 Ozocubu's Armour         Ice            0%         N/A       58%         3
 Portal Projectile        Hex/Tloc       0%         N/A       58%         3
 Spider Form              Tmut/Pois      0%         N/A       58%         3
 Stone Arrow              Conj/Erth      0%         3d7       58%         3
 Teleport Other           Tloc           0%         N/A       58%         3
 Vampiric Draining        Necr           0%         2d6       58%         3
 Airstrike                Air            0%         2d(0-16)  94%         4
 Cause Fear               Hex            0%         N/A       94%         4
 Corpse Rot               Necr/Pois/Air  0%         N/A       94%         4
 Dispel Undead            Necr           0%         3d6       94%         4
 Hailstorm                Conj/Ice       0%         3d3       94%         4
 Ice Form                 Ice/Tmut       0%         N/A       94%         4
 Leda's Liquefaction      Hex/Erth       0%         N/A       94%         4
 Olgreb's Toxic Radiance  Pois           0%         N/A       94%         4
 Passage of Golubria      Tloc           0%         N/A       94%         4
 Blade Hands              Tmut           0%         N/A       100%        5
 Fireball                 Conj/Fire      0%         3d3       100%        5
 Freezing Cloud           Conj/Ice/Air   0%         6-21      100%        5
 Irradiate                Conj/Tmut      0%         3d11      100%        5
 Iskenderun's Battlesphe  Conj           0%         2d6       100%        5
 Lee's Rapid Deconstruct  Erth           0%         3d5*      100%        5
 Lightning Bolt           Conj/Air       0%         1d11      100%        5
 Manifold Assault         Tloc           0%         N/A       100%        5
 Metabolic Englaciation   Hex/Ice        0%         N/A       100%        5
 Silence                  Hex/Air        0%         N/A       100%        5
 Conjure Ball Lightning   Conj/Air       0%         3x3d6     100%        6
 Dispersal                Tloc           0%         N/A       100%        6
 Iron Shot                Conj/Erth      0%         9d1       100%        6
 Dragon Form              Tmut           0%         N/A       100%        7
 Orb of Destruction       Conj           0%         9d5       100%        7
 Storm Form               Tmut/Air       0%         N/A       100%        7
 Disjunction              Tloc           0%         N/A       100%        8
 Lehudib's Crystal Spear  Conj/Erth      0%         10d2      100%        8
 Chain Lightning          Conj/Air       0%         N/A       100%        9
 Fire Storm               Conj/Fire      0%         5d1       100%        9
 Polar Vortex             Ice            0%         N/A       100%        9
 Shatter                  Erth           0%         3d5*      100%        9
 Summon Small Mammal      Summ           Unusable   N/A       N/A         1
 Call Canine Familiar     Summ           Unusable   N/A       N/A         3
 Tukima's Dance           Hex            Unusable   N/A       N/A         3
 Animate Armour           Summ/Erth      Unusable   N/A       N/A         4
 Summon Lightning Spire   Summ/Air       Unusable   N/A       N/A         4
 Summon Forest            Summ/Tloc      Unusable   N/A       N/A         5
 Summon Mana Viper        Hex/Summ       Unusable   N/A       N/A         5
 Death Channel            Necr           Unusable   N/A       N/A         6
 Simulacrum               Ice/Necr       Unusable   N/A       N/A         6
 Statue Form              Tmut/Erth      Unusable   N/A       N/A         6
 Summon Cactus Giant      Summ           Unusable   N/A       N/A         6
 Dragon's Call            Summ           Unusable   N/A       N/A         9

Dungeon Overview and Level Annotations

Branches:
Dungeon (15/15)            Temple (1/1) D:4            Lair (5/5) D:8
  Swamp (4/4) Lair:3        Snake (4/4) Lair:3        Slime (0/5) Lair:5
    Orc (2/2) D:12            Elf (3/3) Orc:2        Vaults (0/5) D:14
 Depths (3/4) D:15        Ossuary (visited)          Bailey (visited)

Altars:
Ashenzari
Cheibriados
Dithmenos
Elyvilon
Fedhas
Gozag
Hepliaklqana
Kikubaaqudgha
Makhleb
Nemelex Xobeh
Okawaru
Qazlal
Ru
Sif Muna
Trog
Uskayaw
Vehumet
Wu Jian
Xom
Yredelemnul
Zin
The Shining One
Jiyva

Shops:
D:1 :   D:5 *?!   D:7 *?*[   Orc:1 **   Orc:2 ([([   Elf:3 :(   Depths:2 =

Portals:
Hell: Lair:5 Depths:1 Depths:2
Abyss: Depths:2 Depths:3
Pandemonium: Depths:2
Ziggurat: Depths:3
Trove: D:15 (give 2 scrolls of acquirement)

Annotations:
D:3 Sigmund
Snake:3 2 transporters, Tuedal's ghost, adept TeAE
Depths:3 Vv


Innate Abilities, Weirdness & Mutations

You are immune to sickness and miasma.
Your stone body is resilient. (AC +16)
You are immune to poison.
Your large and strong wings let you fly.
You resist negative energy. (rN+)
You are resistant to electric shocks. (rElec)
You are resistant to unholy torment.
You are immune to petrification.
You are partially covered in iridescent scales. (AC +2)
You are agile. (Dex +4, Str/Int -1)
Armour fits poorly on your strangely shaped body.


Message History

The deep troll bites you. The deep troll claws you.
The deep troll completely misses you.
You shoot a bolt. The bolt hits the deep troll!!
The bolt burns the deep troll!
You kill the deep troll!
Okawaru accepts your kill.
A purple very ugly thing comes into view.
The hell knight mumbles some strange prayers to its god.
The hell knight seems to speed up.
Vv hits you. Vv freezes you! You resist. Vv closely misses you.
An ice dragon comes into view.
You shoot a bolt. The bolt hits Vv!!
The bolt burns Vv.
Vv is heavily damaged.
The ice encasing you melts away.
You hear a bellow!
Vv misses you. Vv closely misses you.
You shoot a bolt. The bolt hits Vv!!!
The bolt burns Vv.
Vv is severely damaged.
The hell knight misses you.
The wizard mumbles some strange words.
The wizard flickers and vanishes for a moment.
Vv hits you but does no damage. Vv hits you!
You are engulfed in flames!
You resist.
As you read the scroll of teleportation, it crumbles to dust.
You feel strangely unstable.
A catoblepas comes into view.
The hell knight hits you with a +3 demon blade of pain.
You writhe in agony.
The wizard casts a spell.
The wizard blinks!
Vv hits you. Vv freezes you!! You resist.
* * * LOW HITPOINT WARNING * * *
Vv hits you but does no damage. Vv attacks as you move away! Vv hits you!
* * * LOW HITPOINT WARNING * * *
Vv freezes you!! You resist.
* * * LOW HITPOINT WARNING * * *
Vv hits you but does no damage.
The hell knight attacks as you move away!
The hell knight hits you but does no damage.
You writhe in agony.
You die...

#.#.Q.. .
...#..
#.>.### ##
#....∩###.#
#.#p...∩#
#.[.>...#
#.....#
#..#.Q>.#
#...#[@.#
#...##9p#
### ##Y#
.Q# ..u# .
....# #
Z....#
.......
.#......


You could see Vv, a purple very ugly thing, a catoblepas, a hell knight (fast),
a tengu warrior, a wizard (invisible) and a tengu conjurer.

Vanquished Creatures
  Saint Roka (Depths:1)
  Vashnia (Snake:4)
  Jorgrun (D:13)
  A lich (Depths:2)
  The ghost of AverageBear the Executioner, an adept DsFi of Gozag (Swamp:4)
  2 deep elf blademasters (Elf:3)
  2 deep elf master archers (Elf:3)
  A sphinx (Depths:3)
  Agnes (Snake:4)
  A tengu reaver (Depths:2)
  3 fire giants
  Donald (Elf:3)
  Roxanne (Swamp:4)
  A fenstrider witch (Swamp:4)
  5 nagarajas (Snake:4)
  Aizul (Snake:4)
  4 frost giants
  An orc warlord (Orc:2)
  6 deep elf sorcerers
  Louise (Snake:2)
  3 spriggan defenders (Depths:2)
  2 deep elf elementalists (Elf:3)
  7 very ugly things
  A caustic shrike skeleton (Depths:3)
  4 eleionomae
  4 stone giants
  A vampire knight (Depths:1)
  5 deep elf demonologists
  The ghost of shadowmeld the Thaumaturge, a journeyman DjHW of Ashenzari (Lair:2)
  Azrael (Elf:1)
  4 spark wasps (Depths:2)
  5 bunyips
  A dire elephant (Lair:5)
  3 deep elf annihilators (Elf:3)
  8 deep elf death magi
  A green death (Depths:2)
  7 fire dragons
  4 ettins
  3 deep elf high priests
  16 hydras
  2 ice dragons
  8 vault guards (D:14)
  A catoblepas (Lair:5)
  A shambling mangrove (Swamp:4)
  A rakshasa (Depths:1)
  A salamander tyrant (Snake:4)
  A ghost crab (Swamp:1)
  An ogre mage (D:13)
  4 spriggan air magi
  5 boulder beetles
  9 centaur warriors
  6 two-headed ogres
  13 anacondas
  26 dancing weapons
  3 deep troll shamans
  8 alligators
  20 naga warriors
  3 deep troll earth magi
  A death yak (Lair:2)
  A tengu warrior (Depths:2)
  10 shock serpents
  16 naga sharpshooters
  5 hell knights (Depths:2)
  An orc high priest (Orc:2)
  Nergalle (D:11)
  3 thrashing horrors (Abyss:3)
  A sun demon (Depths:2)
  28 deep elf knights
  A soul eater (Depths:2)
  3 spriggans
  4 iron trolls (Depths:1)
  2 sixfirhies
  A fire crab (Lair:2)
  4 spectral spriggans (Swamp:4)
  5 skeletal warriors (D:14)
  A spark wasp zombie (Depths:3)
  Lodul (D:11)
  3 spriggan druids
  11 naga ritualists
  2 bog bodies
  5 lindwurms
  The ghost of Hrothgar the Ruffian, a novice TrBe of Trog (D:7)
  A flayed ghost (Depths:1)
  6 orc knights
  2 large abominations (Elf:1)
  3 goliath frogs
  13 swamp dragons
  2 glowing orange brains
  2 fenstrider witch simulacra (Swamp:4)
  9 deep elf archers
  13 deep trolls
  A wolf spider zombie (D:15)
  2 wizards
  10 mana vipers
  7 necromancers
  4 orc sorcerers
  30 deep elf pyromancers
  2 will-o-the-wisps
  2 moths of wrath (D:13)
  29 deep elf zephyrmancers
  10 salamanders
  6 cyclopes
  12 ugly things
  4 manticores
  A worldbinder (Abyss:3)
  A centaur zombie (D:15)
  16 naga magi
  11 elephants (Lair:2)
  2 smoke demons
  7 guardian serpents
  40 black mambas
  4 gargoyles
  A rust devil (Depths:2)
  An orange demon (Lair:5)
  A centaur skeleton (D:15)
  13 cane toads
  8 rime drakes
  7 unseen horrors (Depths:2)
  An unseen horror (shapeshifter) (Elf:3)
  9 komodo dragons
  5 ice devils
  4 tengu conjurers
  A silent spectre (D:13)
  A guardian mummy (D:15)
  3 red devils
  A spectral death drake (Swamp:4)
  9 trolls
  3 meliai (D:15)
  A meliai (shapeshifter) (D:14)
  Grinder (D:3)
  8 tyrant leeches
  8 hornets
  5 polar bears
  9 blink frogs
  A wolf spider simulacrum (D:15)
  2 slime creatures
  2 air elementals
  16 dream sheep
  A vampire (D:12)
  77 yaks
  3 water elementals
  4 shadows
  A centaur simulacrum (D:15)
  A wraith (D:12)
  2 wyverns
  8 basilisks
  8 fire elementals
  5 steam dragons
  2 chaos spawn (Depths:2)
  13 vampire mosquitoes
  4 wargs
  61 nagas
  15 swamp worms
  3 acid dragons
  3 death drake simulacra (Swamp:4)
  10 hell hounds
  15 water moccasins
  9 black bears
  44 orc warriors
  9 swamp drakes
  2 ice beasts
  A sky beast (D:7)
  17 ogres
  A spriggan simulacrum (Swamp:4)
  4 boggarts (Lair:4)
  6 wolves (Lair:4)
  21 centaurs
  3 phantoms
  2 kobold brigands
  21 bullfrogs
  5 earth elementals
  7 scorpions
  3 water moccasin zombies
  19 wights
  11 killer bees
  A vampire bat (Orc:2)
  4 howler monkeys
  4 electric eels
  A lava snake (D:14)
  A bullfrog zombie (D:4)
  A human zombie (D:4)
  4 jellies
  18 orc priests
  A gnoll bouda (D:7)
  2 iguanas (D:4)
  26 orc wizards
  12 hell rats
  2 hound zombies (D:4)
  5 mummies
  8 gnolls
  9 adders
  A shadow imp (D:7)
  3 white imps
  9 adder zombies
  3 worms (D:2)
  A dart slug (D:2)
  123 orcs
  8 endoplasms
  7 giant cockroaches
  4 gnoll zombies (Ossuary)
  6 hobgoblins
  3 jackals (D:3)
  12 kobolds
  6 quokkas
  8 ball pythons
  13 bats
  5 frilled lizards
  16 goblins
  8 hobgoblin zombies (Ossuary)
  9 kobold zombies (Ossuary)
  3 orc zombies (Ossuary)
  6 rats
  A butterfly (Lair:2)
1489 creatures vanquished.

Vanquished Creatures (others)
  An anaconda (Snake:3)
  A deep elf knight (Elf:1)
  2 swamp dragons (Swamp:4)
  A deep elf archer (Elf:1)
  2 deep elf zephyrmancers
  A deep elf pyromancer (Elf:2)
  A bloated husk (Swamp:4)
  A tyrant leech (Swamp:1)
  2 swamp drakes (Swamp:4)
  6 foxfires
  53 fungi
  74 plants
  2 starspawn tentacles (Abyss:3)
147 creatures vanquished.

Grand Total: 1636 creatures vanquished

Notes
Turn   | Place    | Note
-------+----------+-------------------------------------------
     0 | D:1      | Saba the Gargoyle Hunter began the quest for the Orb.
     0 | D:1      | Reached XP level 1. HP: 12/12 MP: 1/1
   200 | D:1      | Reached XP level 2. HP: 18/18 MP: 2/2
   505 | D:1      | Found Erud's Book Boutique.
   559 | D:1      | Reached XP level 3. HP: 22/22 MP: 3/3
   835 | D:2      | Reached skill level 5 in Ranged Weapons
  1029 | D:2      | Reached XP level 4. HP: 28/28 MP: 4/4
  1535 | D:3      | Found a faded altar of an unknown god.
  1540 | D:3      | Noticed Sigmund
  1610 | D:3      | Noticed Grinder
  1645 | D:3      | Paralysed by Grinder for 3 turns
  1650 | D:3      | Paralysed by Grinder for 5 turns
  1654 | D:3      | HP: 1/42 [Grinder (2)]
  1655 | D:3      | Killed Grinder
  1656 | D:3      | Reached skill level 6 in Ranged Weapons
  1656 | D:3      | Reached XP level 5. HP: 2/34 MP: 5/5
  1656 | D:3      | Reached XP level 6. HP: 2/39 MP: 6/6
  2529 | D:3      | Found a snail-covered altar of Cheibriados.
  2529 | D:3      | Found a stormy altar of Qazlal.
  2824 | D:4      | Reached skill level 7 in Ranged Weapons
  2847 | D:4      | Reached skill level 5 in Fighting
  2847 | D:4      | Reached XP level 7. HP: 16/44 MP: 7/7
  3288 | D:4      | Found a staircase to the Ecumenical Temple.
  3300 | Temple   | Entered the Ecumenical Temple
  3661 | D:4      | Found an ornate altar of the Wu Jian Council.
  4195 | D:4      | Reached skill level 8 in Ranged Weapons
  4489 | D:4      | Found an ancient bone altar of Kikubaaqudgha.
  4513 | D:4      | Reached XP level 8. HP: 50/51 MP: 8/8
  4612 | D:5      | Entered Level 5 of the Dungeon
  4612 | D:5      | Found Gagugin's Lightly-Used Armoury.
  4657 | D:5      | HP: 2/51 [orc priest/divine providence (15)]
  4671 | D:5      | Found an opulent altar of Gozag.
  4718 | D:5      | Found a sand-covered staircase.
  4723 | Ossuary  | Entered an ossuary
  5109 | Ossuary  | Reached skill level 9 in Ranged Weapons
  6006 | D:3      | Gained mutation: You are somewhat resistant to further
                  | mutation. [potion of mutation]
  6222 | D:3      | Lost mutation: You are somewhat resistant to further
                  | mutation. [potion of mutation]
  6222 | D:3      | Gained mutation: You are frail. (-10% HP) [potion of
                  | mutation]
  6222 | D:3      | Lost mutation: You are frail. (-10% HP) [potion of
                  | mutation]
  6460 | D:5      | Found a shimmering blue altar of Sif Muna.
  6537 | D:5      | Reached skill level 10 in Ranged Weapons
  6537 | D:5      | Reached XP level 9. HP: 46/57 MP: 9/9
  6654 | D:5      | Found a sparkling altar of Nemelex Xobeh.
  6671 | D:5      | Found Fioz's Magic Scroll Boutique.
  6678 | D:5      | Bought a scroll of teleportation for 39 gold pieces
  6678 | D:5      | Bought a scroll of brand weapon for 123 gold pieces
  6720 | D:5      | Found Wagara Dide's Distillery.
  6729 | D:5      | Identified the +1 leather armour of Inquiry {rC+ rCorr
                  | Str-5}
  6734 | D:5      | Bought a potion of degeneration for 14 gold pieces
  7432 | D:6      | Reached skill level 11 in Ranged Weapons
  7842 | D:6      | Identified the +1 pair of gloves "Daif" {rC+ Int+3}
  8149 | D:7      | Reached XP level 10. HP: 52/65 MP: 10/10
  8261 | D:7      | Reached skill level 12 in Ranged Weapons
  8494 | D:7      | Found a flagged portal.
  8515 | Bailey   | Entered a bailey
  9300 | Bailey   | Noticed an orc knight
  9357 | Bailey   | Killed an orc knight
  9358 | Bailey   | Reached skill level 10 in Fighting
  9358 | Bailey   | Reached skill level 13 in Ranged Weapons
  9912 | D:7      | Found a transporter.
  9940 | D:7      | Found Awkyp's Magic Scroll Shoppe.
  9945 | D:7      | Found Plog's Antique Armour Shoppe.
  9945 | D:7      | Found Urchuplo's General Store.
  9948 | D:7      | Bought a scroll of magic mapping for 112 gold pieces
  9948 | D:7      | Bought a scroll of blinking for 112 gold pieces
  9949 | D:7      | Found Baopn's General Store.
 10189 | D:7      | Noticed Hrothgar's ghost (novice TrBe)
 10190 | D:7      | Found a transporter.
 10231 | D:7      | Reached skill level 14 in Ranged Weapons
 10467 | D:7      | Found a glowing golden altar of the Shining One.
 10700 | D:7      | Reached XP level 11. HP: 72/72 MP: 11/11
 11123 | D:7      | Killed Hrothgar's ghost
 11539 | D:8      | Found Kelojix's Antique Weapon Emporium.
 11757 | D:8      | Reached skill level 15 in Ranged Weapons
 11975 | D:8      | Found a staircase to the Lair.
 12041 | D:8      | Found a hazy altar of Hepliaklqana.
 12041 | D:8      | Found a sacrificial altar of Ru.
 12222 | D:8      | Found a broken altar of Ashenzari.
 12224 | D:8      | Found an iron altar of Okawaru.
 12837 | D:9      | Noticed a boulder beetle
 13247 | D:9      | Noticed a centaur warrior
 13264 | D:9      | Killed a centaur warrior
 13265 | D:9      | Reached skill level 16 in Ranged Weapons
 13648 | D:9      | Noticed a centaur warrior
 13838 | D:9      | Killed a centaur warrior
 14458 | D:9      | Noticed a centaur warrior
 14484 | D:9      | Killed a centaur warrior
 14485 | D:9      | Reached XP level 12. HP: 45/77 MP: 12/12
 14683 | D:9      | Reached skill level 17 in Ranged Weapons
 14690 | D:9      | Identified the +1 robe of the Endless Expanse {Will++ Str+2
                  | Int-5}
 14806 | D:9      | Killed a boulder beetle
 14857 | D:9      | Identified the +10 rapier of Ekalits {pain, rCorr MP-9
                  | Str+2 Dex+5}
 14857 | D:9      | Identified the ring "Elurufook" {rF++ rC- Dex+2 Slay+4
                  | Stlth+}
 14857 | D:9      | Identified the +1 cloak of Precision Catastrophes {Str+2}
 14967 | Lair:1   | Entered Level 1 of the Lair of Beasts
 15055 | Lair:1   | Noticed a seven-headed hydra
 15061 | Lair:1   | Killed a seven-headed hydra
 15313 | Lair:1   | Reached skill level 18 in Ranged Weapons
 15945 | Lair:2   | Noticed a death yak
 16142 | Lair:2   | Reached skill level 19 in Ranged Weapons
 16790 | Lair:2   | Reached XP level 13. HP: 82/82 MP: 5/13
 16962 | Lair:2   | Found a runed translucent door.
 16964 | Lair:2   | Noticed shadowmeld's ghost (journeyman DjHW)
 17210 | Lair:2   | Reached skill level 20 in Ranged Weapons
 17672 | Lair:2   | Found a shimmering altar of Xom.
 17874 | Lair:2   | Killed shadowmeld's ghost
 18345 | Lair:3   | Found a staircase to the Snake Pit.
 18436 | Lair:3   | Reached skill level 21 in Ranged Weapons
 19259 | Lair:3   | Found a staircase to the Swamp.
 19560 | Lair:4   | Gained mutation: Your large and strong wings let you fly.
                  | [Gargoyle growth]
 19560 | Lair:4   | Reached XP level 14. HP: 88/88 MP: 14/14
 19952 | Lair:4   | Reached skill level 22 in Ranged Weapons
 20007 | Lair:4   | Reached skill level 1 in Armour
 20007 | Lair:4   | Reached skill level 1 in Shields
 20430 | Lair:5   | Entered Level 5 of the Lair of Beasts
 20510 | Lair:5   | Found a runed translucent door.
 20510 | Lair:5   | Found a viscous altar of Jiyva.
 20511 | Lair:5   | Found a staircase to the Slime Pits.
 21075 | Lair:5   | Noticed a dire elephant
 21359 | Abyss:2  | Cast into level 2 of the Abyss (a wizard)
 21515 | Abyss:3  | Noticed a tentacled starspawn
 21538 | Lair:5   | Escaped the Abyss
 21603 | Lair:5   | Found a burning altar of Makhleb.
 21777 | Lair:5   | Killed a dire elephant
 21778 | Lair:5   | Reached skill level 5 in Armour
 21778 | Lair:5   | Reached skill level 5 in Shields
 22007 | Lair:5   | Found a gateway to Hell.
 22423 | D:10     | Entered Level 10 of the Dungeon
 23236 | D:10     | Reached skill level 5 in Dodging
 23511 | D:8      | Became a worshipper of Warmaster Okawaru
 23704 | D:11     | Reached XP level 15. HP: 86/92 MP: 15/15
 23931 | D:11     | Reached * piety under Okawaru
 23997 | D:11     | Noticed Lodul
 24008 | D:11     | Killed Lodul
 24080 | D:11     | Found an iron altar of Okawaru.
 24260 | D:11     | Noticed Nergalle
 24269 | D:11     | Killed Nergalle
 24837 | D:12     | Reached ** piety under Okawaru
 24879 | D:12     | Found a staircase to the Orcish Mines.
 25293 | D:13     | Found a transporter.
 25428 | D:13     | Noticed Jorgrun
 25439 | D:13     | Killed Jorgrun
 26224 | D:13     | Found a transporter.
 26230 | D:13     | Found a runed translucent door.
 26230 | D:13     | Found a bloodstained altar of Trog.
 26230 | D:13     | Found the necklace of Bloodlust {*Rage Will++ Int-3 Slay+6}
 26260 | D:13     | Reached *** piety under Okawaru
 26338 | D:13     | Identified the +5 glaive of Sozi {speed, Dex+3}
 26381 | D:13     | Identified the +1 plate armour of Uskayaw, Disbelieving
                  | {Str+2}
 26478 | D:13     | Reached **** piety under Okawaru
 26775 | D:14     | Reached ***** piety under Okawaru
 26979 | D:14     | Reached XP level 16. HP: 97/97 MP: 16/16
 27035 | D:14     | Found a gate to the Vaults.
 27297 | D:14     | Reached skill level 10 in Armour
 27297 | D:14     | Reached skill level 10 in Shields
 27337 | D:14     | Found a hide-covered altar of Uskayaw.
 27476 | D:15     | Entered Level 15 of the Dungeon
 27616 | D:15     | Identified the +1 hat of Vanity {rF+} (Okawaru gifted it to
                  | you on level 15 of the Dungeon)
 27616 | D:15     | Received a gift from Okawaru
 27651 | D:15     | Found a staircase to the Depths.
 27961 | D:15     | Found a portal to a secret trove of treasure.
 28331 | Snake:1  | Entered Level 1 of the Snake Pit
 28721 | Snake:1  | Reached skill level 10 in Dodging
 29724 | Snake:2  | Noticed Louise
 29760 | Snake:2  | Killed Louise
 29760 | Snake:2  | Reached ****** piety under Okawaru
 30295 | Snake:3  | Reached XP level 17. HP: 110/110 MP: 17/17
 30368 | Snake:3  | Identified the +4 war axe of Brawling {venom, Will+}
                  | (Okawaru gifted it to you on level 3 of the Snake Pit)
 30368 | Snake:3  | Received a gift from Okawaru
 30479 | Snake:3  | Found the ring of the Tortoise {AC+8}
 30481 | Snake:3  | Found a transporter.
 30484 | Snake:3  | Noticed a tentacled starspawn
 30504 | Snake:3  | Noticed a tentacled monstrosity
 30515 | Snake:3  | Reached skill level 15 in Fighting
 30791 | Snake:3  | Found a transporter.
 30823 | Snake:3  | Identified the +1 sling of Faosozif {flame, rElec Str-3
                  | Dex+3} (Okawaru gifted it to you on level 3 of the Snake
                  | Pit)
 30823 | Snake:3  | Received a gift from Okawaru
 30828 | Snake:3  | Noticed Tuedal's ghost (adept TeAE)
 31006 | Snake:4  | Entered Level 4 of the Snake Pit
 31124 | Snake:4  | Identified the +4 dagger of Ybboeky {drain, *Rage rElec rC+
                  | Int+4}
 31228 | Snake:4  | Noticed Agnes
 31237 | Snake:4  | Killed Agnes
 31408 | Snake:4  | Noticed Vashnia
 31487 | Snake:4  | Killed Vashnia
 31487 | Snake:4  | Received a gift from Okawaru
 31718 | Snake:4  | Noticed Aizul
 31720 | Snake:4  | Reached skill level 23 in Ranged Weapons
 31731 | Snake:4  | Killed Aizul
 31747 | Snake:4  | Received a gift from Okawaru
 31888 | Snake:4  | Found a white marble altar of Elyvilon.
 32140 | Snake:4  | Reached XP level 18. HP: 62/125 MP: 18/18
 32357 | Snake:4  | Identified the +10 scale mail of Nafaj {Rampage Drain rPois
                  | rN+} (Okawaru gifted it to you on level 4 of the Snake Pit)
 32357 | Snake:4  | Received a gift from Okawaru
 32457 | Snake:4  | Got a serpentine rune of Zot
 32908 | Swamp:1  | Entered Level 1 of the Swamp
 34350 | Swamp:4  | Entered Level 4 of the Swamp
 34456 | Swamp:4  | Received a gift from Okawaru
 34770 | Swamp:4  | Noticed Roxanne
 34790 | Swamp:4  | Killed Roxanne
 34900 | Swamp:4  | Reached XP level 19. HP: 121/135 MP: 19/19
 34920 | Swamp:4  | Found a runed translucent gate.
 34920 | Swamp:4  | Found a runed translucent gate.
 34920 | Swamp:4  | Found a runed translucent gate.
 34920 | Swamp:4  | Noticed AverageBear's ghost (adept DsFi)
 34980 | Swamp:4  | Got a decaying rune of Zot
 35471 | Swamp:4  | Killed AverageBear's ghost
 35654 | D:7      | Bought a pair of embroidered boots for 142 gold pieces
 35654 | D:7      | Bought a pair of glowing gloves for 142 gold pieces
 35654 | D:7      | Bought the +3 pair of mountain boots {steadfast, rC+} for
                  | 636 gold pieces
 35654 | D:7      | Found the +3 pair of mountain boots {steadfast, rC+}
 35816 | Orc:1    | Entered Level 1 of the Orcish Mines
 36009 | Orc:1    | Found Hishrur's Specific Store.
 36012 | Orc:1    | Found Jifuq's General Store.
 36022 | Orc:1    | Bought a potion of heal wounds for 70 gold pieces
 36022 | Orc:1    | Bought a potion of haste for 140 gold pieces
 36222 | Orc:2    | Entered Level 2 of the Orcish Mines
 36222 | Orc:2    | Found a staircase to the Elven Halls.
 36278 | Orc:2    | Reached skill level 24 in Ranged Weapons
 36588 | Orc:2    | Found Bair's Weapon Shoppe.
 36829 | Orc:2    | Found Fearuc's Armour Emporium.
 36837 | Orc:2    | Bought the +1 robe of Vines {NoPotionHeal Regen++++} for
                  | 1040 gold pieces
 36837 | Orc:2    | Found the +1 robe of Vines {NoPotionHeal Regen++++}
 37124 | Orc:2    | Received a gift from Okawaru
 37166 | Orc:2    | Found Weogitun's Antique Armour Shoppe.
 37168 | Orc:2    | Found Garhehot's Antique Weapon Emporium.
 37184 | Orc:2    | Bought a glowing triple crossbow for 325 gold pieces
 37184 | Orc:2    | Bought a warped long sword for 212 gold pieces
 37184 | Orc:2    | Identified the +8 long sword of Busirecu {flame, Dex+4}
                  | (You bought it in a shop on level 2 of the Orcish Mines)
 37184 | Orc:2    | Bought a smoking flail for 212 gold pieces
 37184 | Orc:2    | Identified the +7 flail "Luerycy" {vorpal, *Noise +Blink
                  | Str+8 Int-4} (You bought it in a shop on level 2 of the
                  | Orcish Mines)
 37190 | Orc:2    | Bought a glimmering chain mail for 294 gold pieces
 37190 | Orc:2    | Identified the +4 chain mail of Redotitu {Contam Str+4}
                  | (You bought it in a shop on level 2 of the Orcish Mines)
 37190 | Orc:2    | Bought a jewelled leather armour for 217 gold pieces
 37190 | Orc:2    | Identified the +1 leather armour of Too Many Cooks {Dex+2}
                  | (You bought it in a shop on level 2 of the Orcish Mines)
 37319 | Elf:1    | Entered Level 1 of the Elven Halls
 37506 | Elf:1    | Noticed Azrael
 37519 | Elf:1    | Killed Azrael
 38030 | Elf:2    | Reached skill level 25 in Ranged Weapons
 38039 | Elf:2    | Found a runed translucent gate.
 38040 | Elf:2    | Found a runed translucent gate.
 38040 | Elf:2    | Found a runed translucent gate.
 38191 | Elf:2    | Received a gift from Okawaru
 38378 | Elf:2    | Reached XP level 20. HP: 138/140 MP: 20/20
 38610 | Elf:3    | Entered Level 3 of the Elven Halls
 38696 | Elf:3    | Noticed Donald
 38699 | Elf:3    | Killed Donald
 38704 | Elf:3    | Received a gift from Okawaru
 38712 | Elf:3    | Noticed a Brimstone Fiend
 38713 | Elf:3    | Reached skill level 26 in Ranged Weapons
 38923 | Elf:3    | Identified the +5 whip "Xoafreli" {vorpal, Dex+5}
 39088 | Elf:3    | Found the +10 zealot's sword {holy, *Rage rN+ EV+3}
 39088 | Elf:3    | Found the +18 shield of the Gong {rElec rN+ Will+ EV-5}
 39096 | Elf:3    | Identified the +6 sling of Amie {venom, Drain rF+++ rC+
                  | Stlth+}
 39114 | Elf:3    | Identified the ring of Nubueruf {rPois rN+ Will- AC+4
                  | Int+2}
 39124 | Elf:3    | Identified the +9 dagger of the Twisting Coward {vorpal,
                  | *Noise rElec Str+7 Dex-5}
 39222 | Elf:3    | Received a gift from Okawaru
 39229 | Elf:3    | Identified the ring of the Invisible Hand {rElec rF- Will-
                  | AC+4 Str+8}
 39234 | Elf:3    | Identified the amulet of Dyol {Spirit -Cast rElec Str+9
                  | Int-2}
 39275 | Elf:3    | Identified the ring "Jublus" {rPois Str+3}
 39485 | Elf:3    | Found Canoxun's Tremendous Tomes.
 39623 | Elf:3    | Gained mutation: You occasionally shout uncontrollably at
                  | your foes. [potion of mutation]
 39623 | Elf:3    | Gained mutation: You do not regenerate when monsters are
                  | visible. [potion of mutation]
 39623 | Elf:3    | Gained mutation: You have a somewhat thin skeletal
                  | structure. (Dex +2, Stealth+) [potion of mutation]
 39790 | Elf:3    | Found a radiant altar of Vehumet.
 39927 | Elf:3    | Found Ycwum's Weapon Shop.
 40541 | D:5      | Bought a potion of mutation for 112 gold pieces
 40541 | D:5      | Lost mutation: You have a somewhat thin skeletal structure.
                  | (Dex +2, Stealth+) [potion of mutation]
 40541 | D:5      | Lost mutation: You occasionally shout uncontrollably at
                  | your foes. [potion of mutation]
 40541 | D:5      | Gained mutation: You are partially covered in iridescent
                  | scales. (AC +2) [potion of mutation]
 40541 | D:5      | Gained mutation: You are agile. (Dex +4, Str/Int -1)
                  | [potion of mutation]
 40541 | D:5      | Gained mutation: Armour fits poorly on your strangely
                  | shaped body. [potion of mutation]
 40541 | D:5      | Gained mutation: Your spells are a little harder to cast,
                  | but a little more powerful. [potion of mutation]
 40542 | D:5      | Bought a potion of mutation for 112 gold pieces
 40542 | D:5      | Lost mutation: You do not regenerate when monsters are
                  | visible. [potion of mutation]
 40542 | D:5      | Lost mutation: Your spells are a little harder to cast, but
                  | a little more powerful. [potion of mutation]
 40542 | D:5      | Lost mutation: Armour fits poorly on your strangely shaped
                  | body. [potion of mutation]
 40542 | D:5      | Gained mutation: Armour fits poorly on your strangely
                  | shaped body. [potion of mutation]
 40777 | Depths:1 | Entered Level 1 of the Depths
 40810 | Depths:1 | Reached skill level 27 in Ranged Weapons
 40840 | Depths:1 | Reached skill level 1 in Long Blades
 40859 | Depths:1 | Received a gift from Okawaru
 41067 | Depths:1 | Noticed Saint Roka
 41081 | Depths:1 | Killed Saint Roka
 41218 | Depths:1 | Reached skill level 5 in Long Blades
 41858 | Depths:2 | Reached XP level 21. HP: 104/146 MP: 21/21
 41861 | Depths:2 | Identified the +1 fire dragon scales of a sewer {Rampage
                  | rF++ rC- Regen+ Str-5 Dex+4} (Okawaru gifted it to you on
                  | level 2 of the Depths)
 41861 | Depths:2 | Received a gift from Okawaru
 42044 | Depths:2 | Identified the ring "Xamuthrey" {Fire Int+4 Dex+3}
 42147 | Depths:2 | Found a one-way gate to the infinite horrors of the Abyss.
 42494 | Depths:2 | Found a one-way gate leading to the halls of Pandemonium.
 42537 | Depths:2 | Found Dism's Jewellery Emporium.
 42543 | Depths:2 | Bought the ring of Morality {rPois rN+ Str+6 Dex+4} for 657
                  | gold pieces
 42672 | Depths:2 | Reached skill level 10 in Long Blades
 42779 | Depths:3 | Found a one-way gateway to a ziggurat.
 42799 | Depths:3 | Received a gift from Okawaru
 42811 | Depths:3 | Noticed Vv
 42828 | Depths:3 | HP: 1/146 [Vv (25)]
 42828 | Depths:3 | Slain by a hell knight

Illustrated notes

Levels and vault maps discovered:
D:1:      roderic_octagonal_star, layout_basic, serial_shops, nicolae_shop_stone
D:2:      layout_basic
D:3:      layout_loops_ring, jmf_multi_god_temple,
          hellmonk_ecumenical_altar_arch_garden, minmay_cut_off, uniq_grinder,
          uniq_sigmund
D:4:      layout_basic, lemuel_mausoleum_altar_kikubaaqudgha, kennysheep_mini,
          minmay_temple_entry_tees, minmay_bisected
D:5:      layout_rooms, kennysheep_orc_sif_temple,
          nicolae_overflow_hidden_temple, nemelex_spade_bored_becter,
          enter_ossuary_2, serial_shops, shop, chequers_serial_rivers_room_a,
          corner_web_ring, minmay_shop_damaged, serial_park_tiny_pond,
          kennysheep_small_square
D:6:      layout_loops_ring
D:7:      layout_layer_cave, nicolae_tso_swordbearing_angel,
          gammafunk_ghost_arena, enter_bailey_7, kennysheep_path_1,
          minivault_23, minmay_shop_grid_forest, nzn_random_ring
D:8:      layout_basic, gammafunk_temple_overflow_statue,
          chequers_temple_overflow_statue_of_worship,
          due_lair_maze_entry_diamond, serial_shops, shop,
          hangedman_abyss_or_decor_stabs
D:9:      layout_cave_pools, minmay_the_grid_2x2 [minmay_the_grid_large_cup,
          minmay_the_grid_gridbox, minmay_the_grid_garden,
          minmay_the_grid_prize_shrinking_boxes]
D:10:     layout_basic, minmay_misc_feat_diagonals
D:11:     layout_irregular_city, okawaru_trees_1, uniq_nergalle, uniq_lodul
D:12:     layout_small_grid, david_orc_3, dk_vineyard_3, minivault_22
D:13:     emtedronai_trogs_sanctum, layout_stronghold, serial_bayou_crossing,
          uniq_jorgrun
D:14:     layout_roguey, erik_vaults_2, nicolae_uskayaw_suspiria
D:15:     grunt_enter_depths_magical_seal, layout_cave_pools,
          serial_park_tiny_pond, nicolae_trove_entry_path_of_doom
Temple:   hellmonk_temple_micro_hex
Lair:1:   layout_roguey, st_stairs_10, grunt_megastairs_5
Lair:2:   nzn_winding_woodlands_medium [nzn_winding_woodlands_hourglass,
          nzn_winding_woodlands_5x15_eye, nzn_winding_woodlands_5x5_default,
          nzn_winding_woodlands_5x5_default,
          nzn_winding_woodlands_center_garden,
          nzn_winding_woodlands_5x5_perimeter,
          nzn_winding_woodlands_5x5_open_star,
          nzn_winding_woodlands_5x15_split_checker,
          nzn_winding_woodlands_5x5_closed_star], layout_long_grid, basic_altar,
          ebering_ghost_reflecting_pool, lemuel_fruit_fields
Lair:3:   layout_long_grid, swamp_mist, guppyfry_snake_entry_island
Lair:4:   layout_gridlike, kilobyte_rumbling_trees, serial_bayou_shore_b,
          grunt_megastairs_4
Lair:5:   evil_forest, layout_hall_layers, slime_entry_2,
          nicolae_quartered_pool_impasse, kennysheep_basilisk_garden
Swamp:1:  layout_falls_marsh, evilmike_swamp_ruin_house_1
Swamp:2:  layout_basic_swamp, evilmike_swamp_ruin_wall
Swamp:3:  layout_basic_swamp, evilmike_swamp_ruin_rubble_2
Swamp:4:  swamp_fiery, layout_basic_swamp, gammafunk_ghost_necromancy,
          nicolae_swamp_feature_on_the_river_bank, uniq_roxanne
Snake:1:  layout_misc_corridors, nicolae_snake_linked_coils
Snake:2:  layout_misc_corridors, nicolae_large_snake_swirl,
          serial_bayou_shore_b, uniq_louise
Snake:3:  layout_rooms, gammafunk_ghost_abyssal_escape
Snake:4:  grunt_snake_rune_serpentine_throne, layout_gridlike, basic_altar,
          nicolae_snake_gridmaze_entwining, serial_bayou_shore_b, uniq_agnes,
          uniq_aizul, uniq_vashnia
Orc:1:    layout_caves, basic_altar, nicolae_specific_store,
          nicolae_orc_bridge_out
Orc:2:    grunt_orc_community_town_hall, layout_caves,
          grunt_orc_community_big_house_1, grunt_orc_community_big_house_1,
          grunt_orc_community_house_3, grunt_orc_community_house_1,
          grunt_orc_community_house_1, grunt_orc_community_house_1,
          roderic_batcave, mines2_david
Elf:1:    nicolae_elf_arrival_fired_up, layout_rooms, minmay_elf_necromancy,
          uniq_azrael
Elf:2:    nicolae_elf_blades_crystal_corner, layout_geoelf_octagon
Elf:3:    elf_hall_gauntlet_narrow, layout_geoelf_castle, serial_shops,
          nicolae_diamond_shop, basic_altar, corexii_leaking_fountain,
          nicolae_shop_i_like_big_books, minivault_16, uniq_donald
Depths:1: layout_basic, hell_entry, kennysheep_cluttered_room,
          kennysheep_cross_room, minmay_variable_closet,
          kennysheep_generic_room_16, uniq_saint_roka
Depths:2: minmay_distorted_concentric_squares, layout_twisted_cross,
          nicolae_abyss_entry_one_way_or_another, grunt_pan_entry_sceptre,
          hell_entry, serial_shops, kennysheep_mini_moat, due_unseen_surprise
Depths:3: hangedman_pleasuredromes, abyss_entry, hell_entry, uniq_vv

Skill      XL: |  1  2  3  4  5  6  7  8  9 10 11 12 13 14 15 16 17 18 19 20 21 |
---------------+----------------------------------------------------------------+-----
Fighting       | 3 4 5 7 8 10 13 18 20 | 20.0
Ranged Weapons | 5 6 7 8 10 11 14 16 19 21 22 23 25 27 | 27.0
Armour         | 6 9 10 11 | 11.0
Shields        | 6 9 10 11 | 11.0
Dodging        | 5 7 10 | 10.6
Long Blades    | 6 10 | 10.6
Stealth        | |  1.1

Action                   |  1- 3 |  4- 6 |  7- 9 | 10-12 | 13-15 | 16-18 | 19-21 || total
-------------------------+-------+-------+-------+-------+-------+-------+-------++-------
Melee: Falchion          |       |     6 |    26 |       |       |       |       ||    32
       Short sword       |       |       |   228 |       |       |       |       ||   228
       Quarterstaff      |       |       |    27 |       |       |       |       ||    27
       Punch             |       |       |     2 |     2 |       |       |       ||     4
       Shortbow          |       |       |     1 |       |       |       |       ||     1
       Scimitar          |       |       |       |    46 |       |       |       ||    46
       Rapier            |       |       |       |     1 |       |       |       ||     1
       Longbow           |       |       |       |       |       |       |     1 ||     1
       Triple crossbow   |       |       |       |       |       |       |     1 ||     1
 Fire: Shortbow          |   106 |   146 |   350 |   591 |       |       |       ||  1193
       Arbalest          |       |       |    13 |   106 |       |       |       ||   119
       Longbow           |       |       |       |   187 |  1175 |  1697 |   450 ||  3509
       Sling             |       |       |       |       |       |    31 |       ||    31
       Triple crossbow   |       |       |       |       |       |       |   967 ||   967
Evoke: Wand              |       |       |       |     5 |     2 |       |     2 ||     9
       Phial of floods   |       |       |       |     1 |       |       |       ||     1
  Use: Potion            |       |     4 |    10 |    11 |       |       |     5 ||    30
       Scroll            |       |       |     6 |    16 |     3 |     5 |     7 ||    37
 Stab: Invisible         |       |       |     1 |       |       |       |       ||     1
Armor: Leather armour    |    14 |    22 |       |       |       |       |       ||    36
       Skin              |       |    20 |       |       |       |       |       ||    20
       Ring mail         |       |    21 |   340 |   276 |       |       |       ||   637
       Acid dragon scale |       |       |       |   155 |    70 |       |       ||   225
       Troll leather arm |       |       |       |       |    28 |   376 |    50 ||   454
       Robe              |       |       |       |       |       |       |   350 ||   350
Dodge: Dodged            |    16 |    54 |   345 |   518 |   196 |   579 |   682 ||  2390
       Repelled          |       |       |       |       |       |       |     8 ||     8
Block: Kite shield       |       |       |       |       |       |    11 |       ||    11
